 Dungeon Crawl Stone Soup version 0.19-a0-1895-g783e625 (webtiles) character file.

406 Lochraine the Ducker (level 6, -9/35 HPs)
             Began as a Tengu Gladiator on Oct 18, 2016.
             Was a Follower of Kikubaaqudgha.
             Shot with an arrow by a centaur (16 damage)
             ... on level 4 of the Dungeon.
             The game lasted 00:11:43 (2847 turns).

Lochraine the Ducker (Tengu Gladiator)              Turns: 2847, Time: 00:11:44

Health: -9/35      AC:  3    Str: 15    XL:     6   Next: 87%
Magic:  8/10       EV: 18    Int: 10    God:    Kikubaaqudgha [*.....]
Gold:   179        SH:  0    Dex: 15    Spells: 2 memorised, 7 levels left

rFire  . . .     SeeInvis .     a - +0 quarterstaff
rCold  . . .     Gourm    .     b - +0 leather armour
rNeg   . . .     Faith    .     (shield currently unavailable)
rPois  .         Spirit   .     c - +0 hat
rElec  .         Reflect  .     (no cloak)
rCorr  .         Harm     .     (no gloves)
MR     .....                    (boots unavailable)
Stlth  +.........               (no amulet)
                                (no ring)
                                (no ring)

@: flying quickly and evasively, quick
A: beak, talons 3, able to fly 1
a: Receive Corpses, Renounce Religion


You were on level 4 of the Dungeon.
You worshipped Kikubaaqudgha.
Kikubaaqudgha was aware of your devotion.
You were hungry.

You visited 1 branch of the dungeon, and saw 4 of its levels.

You collected 179 gold pieces.

Inventory:

Hand Weapons
 a - a +0 quarterstaff (weapon)
Missiles
 d - 2 throwing nets (quivered)
Armour
 b - a +0 leather armour (worn)
 c - a +0 hat (worn)
Jewellery
 p - a cursed ring of teleportation {unknown}
Scrolls
 g - a scroll of noise {unknown}
 j - 3 scrolls of fear
 k - a scroll of enchant weapon {unknown}
 m - a scroll of magic mapping {unknown}
 n - a scroll of amnesia {unknown}
 s - a scroll of identify {unknown}
 u - a scroll of enchant armour {unknown}
Potions
 e - a potion of agility {unknown}
 i - a potion of lignification {unknown}
 l - 2 potions of resistance {unknown}
 r - a potion of flight {unknown}
 x - a potion of cancellation {unknown}
Books
 v - Kikubaaqudgha's Grimoire of Necromancy
   (Kikubaaqudgha gifted it to you on level 3 of the Dungeon)

   Spells                             Type                      Level
   a - Pain                           Necromancy                   1
   b - Corpse Rot                     Necromancy                   2
   c - Sublimation of Blood           Necromancy                   2
   d - Vampiric Draining              Necromancy                   3
   e - Control Undead                 Necromancy                   4
Comestibles
 f - 2 bread rations
 h - a meat ration
 o - a beef jerky
 q - a royal jelly
 t - a slice of pizza


   Skills:
 - Level 2.0 Fighting
 + Level 3.5 Staves
 - Level 2.0 Throwing
 - Level 5.6 Dodging
 - Level 2.5 Spellcasting
 - Level 4.2 Necromancy


You had 7 spell levels left.
You knew the following spells:

 Your Spells              Type           Power        Failure   Level  Hunger
a - Pain                  Necr           #...         10%         1    ##.....
b - Corpse Rot            Necr           N/A          12%         2    ###....


Dungeon Overview and Level Annotations

Branches:
Dungeon (4/15)
 Temple: D:4-7

Altars:
Gozag
Kikubaaqudgha
Makhleb
Vehumet


Innate Abilities, Weirdness & Mutations

You have a beak for a mouth.
You have claws for feet.
You can fly.


Message History

You kill the orc!
Kikubaaqudgha accepts your kill.
You now have 165 gold pieces (gained 13).
You now have 179 gold pieces (gained 14).
j - 3 scrolls of fear (gained 1)
A centaur comes into view.
The centaur shouts!
The centaur wields a shortbow.
The centaur shoots an arrow.
The arrow hits you!
You see here an arrow.
You swoop lightly up into the air.
You feel very comfortable in the air.
You are feeling hungry.
The centaur shoots an arrow.
The arrow hits you!
* * * LOW HITPOINT WARNING * * *
Okay, then.
Okay, then.
The centaur shoots an arrow.
The arrow closely misses you.
You see here an arrow.
The centaur shoots an arrow.
The arrow hits you!
You die...
Kikubaaqudgha rasps: "You have failed me!
Welcome... death!"

#...........#
.###...........#
...##.........#
#..#........#
#..........#
#........##
#.......c.##
##....###..##
##@### ##..##
##.## ####(.#
##.######...##..#
##..#
#....(..##.#
#..###........#
## ####.##
#...=.....# #
#####...##
#..........# ##
##........#
##.........#
.###.........##
#...c......#


You could see a centaur.

Vanquished Creatures
  A phantom (D:3)
  An ogre (D:4)
  A scorpion (D:4)
  A hound (D:3)
  An orc priest (D:3)
  A worker ant (D:4)
  An adder (D:4)
  2 oozes
  An adder skeleton (D:4)
  2 dart slugs
  5 leopard geckos
  6 orcs
  A ball python (D:2)
  4 giant cockroaches
  8 goblins
  3 hobgoblins
  9 jackals
  10 kobolds
  A quokka (D:2)
  2 bats
  3 frilled lizards (D:3)
  8 rats
72 creatures vanquished.

Notes
Turn   | Place    | Note
-------+----------+-------------------------------------------
     0 | D:1      | Lochraine the Tengu Gladiator began the quest for the Orb.
     0 | D:1      | Reached XP level 1. HP: 12/12 MP: 2/2
   118 | D:1      | Reached XP level 2. HP: 16/17 MP: 3/3
   173 | D:1      | Reached skill level 4 in Dodging
   540 | D:2      | Found an ancient bone altar of Kikubaaqudgha.
   553 | D:2      | Became a worshipper of Kikubaaqudgha
   585 | D:2      | Reached XP level 3. HP: 18/21 MP: 4/4
  1025 | D:3      | Reached skill level 5 in Dodging
  1056 | D:3      | Found a burning altar of Makhleb.
  1058 | D:3      | Found an opulent altar of Gozag.
  1061 | D:3      | Found a radiant altar of Vehumet.
  1125 | D:3      | Reached XP level 4. HP: 13/26 MP: 5/5
  1288 | D:3      | Reached * piety under Kikubaaqudgha
  1288 | D:3      | Identified Kikubaaqudgha's Grimoire of Necromancy (Kikubaaqudgha gifted it to you on level 3 of the Dungeon)
  1288 | D:3      | Received a gift from Kikubaaqudgha
  1323 | D:3      | Learned a level 1 spell: Pain
  1804 | D:3      | Reached skill level 1 in Spellcasting
  1804 | D:3      | Reached skill level 1 in Necromancy
  1804 | D:3      | Gained mutation: You can fly. [Tengu growth]
  1804 | D:3      | Reached XP level 5. HP: 25/30 MP: 5/7
  1918 | D:3      | Noticed a phantom
  2053 | D:3      | Killed a phantom
  2137 | D:3      | Reached XP level 6. HP: 24/35 MP: 10/10
  2322 | D:3      | Learned a level 2 spell: Corpse Rot
  2847 | D:4      | Shot with an arrow by a centaur

Vault maps used:
D:1:      scummos_arrival_star
D:2:      overflow_temple_1_default
D:3:      minmay_overflow_temple_star_quad
D:4:      minmay_misc_feat_four_crosses, uniq_sigmund

Skill      XL: |  1  2  3  4  5  6 |
---------------+-------------------+-----
Dodging        | 4 5 |  5.6
Spellcasting   | 1 2 |  2.5
Necromancy     | 1 2 4 |  4.2
Fighting       | |  2.0
Staves         | |  3.5
Throwing       | |  2.0

Action                   |  1- 3 |  4- 6 || total
-------------------------+-------+-------++-------
Melee: Quarterstaff      |    92 |   122 ||   214
       Peck              |    14 |    23 ||    37
       Kick              |    23 |    33 ||    56
Throw: Throwing net      |       |     7 ||     7
 Abil: Fly               |       |     2 ||     2
  Use: Scroll            |       |     1 ||     1
 Stab: Held in net/web   |       |     3 ||     3
       Sleeping          |       |     1 ||     1
  Eat: Chunk             |     1 |     5 ||     6
Armor: Leather armour    |    13 |    12 ||    25
Dodge: Dodged            |    58 |    94 ||   152
